 Dungeon Crawl Stone Soup version 0.24-a0-417-g1cce26a4d2 (webtiles) character file.

Game seed: 17594305416981523610

2320 Amebka the Merchant of Misery (level 9, -5/80 (82) HPs)
             Began as a Naga Necromancer on June 10, 2019.
             Was a Believer of Kikubaaqudgha.
             Slain by a two-headed ogre
             ... wielding a +0 giant club
              (9 damage)
             ... on level 8 of the Dungeon.
             The game lasted 01:17:55 (7977 turns).

Amebka the Merchant of Misery (Naga Necromancer)    Turns: 7977, Time: 01:17:59

HP:   -5/80 (82)    AC:  7    Str:  9 (12) XL:     9   Next: 41%
MP:   18/18         EV:  9    Int: 17 (18) God:    Kikubaaqudgha [**....]
Gold: 334           SH:  3    Dex:  8 (11) Spells: 8/20 levels left

rFire    . . .     SeeInvis +   v - +2 rapier (drain)
rCold    . . .     Gourm    .   f - +0 buckler
rNeg     . . .     Faith    .   a - +0 robe
rPois    +         Spirit   .   h - +0 helmet
rElec    .         Reflect  .   B - +1 cloak {MR+}
rCorr    .         Harm     .   (no gloves)
MR       ++...                  (no barding)
Stlth    +++.......             (no amulet)
HPRegen  0.23/turn              y - ring of stealth
MPRegen  0.16/turn              g - ring of wizardry

@: very slow
A: large, see invisible, deformed body, poison resistance, slowness 2, slow
metabolism 1, spit poison 1, AC +3
a: Spit Poison, Receive Corpses, Renounce Religion


You were on level 8 of the Dungeon.
You worshipped Kikubaaqudgha.
Kikubaaqudgha was pleased with you.
You were not hungry.

You visited 2 branches of the dungeon, and saw 9 of its levels.

You collected 334 gold pieces.

Inventory:

Hand Weapons
 v - a +2 rapier of draining (weapon)
 w - a +0 hand crossbow
Missiles
 d - 5 curare-tipped darts (quivered)
 o - 2 javelins
 x - 12 poisoned darts
Armour
 a - a +0 robe (worn)
 f - a +0 buckler (worn)
 h - a +0 helmet (worn)
 B - a +1 cloak of magic resistance (worn)
Jewellery
 g - a ring of wizardry (right hand)
 j - an uncursed ring of resist corrosion
 y - a ring of stealth (left hand)
Wands
 k - a wand of iceblast (3)
 l - a wand of flame (25)
 z - a wand of random effects (8)
Scrolls
 b - a scroll of teleportation {unknown}
 i - 6 scrolls of remove curse
 m - 3 scrolls of magic mapping
 t - a scroll of summoning {unknown}
 u - a scroll of random uselessness {unknown}
Potions
 e - a potion of degeneration
 n - 6 potions of haste
 p - a potion of heal wounds {unknown}
 q - a potion of brilliance
 r - 4 potions of might
Comestibles
 c - 12 rations
 A - a chunk of flesh


   Skills:
 + Level 6.1 Fighting
 + Level 2.7 Throwing
 - Level 1.5 Dodging
 - Level 5.0 Stealth
 - Level 2.4 Shields
 - Level 6.0 Spellcasting
 - Level 3.0 Charms
 - Level 7.0 Necromancy


You had 8 spell levels left.
You knew the following spells:

 Your Spells              Type           Power        Failure   Level  Hunger
a - Pain                  Necr           ####         1%          1    None
b - Animate Skeleton      Necr           N/A          1%          1    None
c - Vampiric Draining     Necr           ####......   1%          3    ##.....
d - Regeneration          Chrm/Necr      ###.......   1%          3    ##.....
e - Animate Dead          Necr           N/A          2%          4    ####...

Your spell library contained the following spells:

 Spells                   Type           Power        Failure   Level  Hunger
 Sublimation of Blood     Necr           ####......   1%          2    None


Dungeon Overview and Level Annotations

Branches:
Dungeon (8/15)             Temple (1/1) D:4
   Lair: D:8-11

Altars:
Ashenzari
Cheibriados
Dithmenos
Elyvilon
Fedhas
Gozag
Hepliaklqana
Kikubaaqudgha
Makhleb
Nemelex Xobeh
Okawaru
Qazlal
Ru
Sif Muna
Trog
Uskayaw
Vehumet
Wu Jian
Xom
Yredelemnul
Zin
The Shining One

Shops:
D:7 [

Annotations:
D:4 Eustachio
D:8 Grum


Innate Abilities, Weirdness & Mutations

You cannot wear boots.
Your serpentine skin is tough. (AC +3)
You have supernaturally acute eyesight. (SInv)
Armour fits poorly on your strangely shaped body.
Your system is resistant to poisons. (rPois)
You cover ground very slowly.
You have a slow metabolism.
You can spit poison.


Message History

The wolf bites you.
* * * LOW HITPOINT WARNING * * *
You hear a howl!
There is a stone staircase leading up, spattered with blood here.
Okay, then.
As you read the scroll labeled TOYVUARRYLL, it crumbles to dust.
It is a scroll of amnesia.
Really abort (and waste the scroll)?
Okay, then.
You block the wolf's attack. The two-headed ogre closely misses you.
The two-headed ogre hits you with a +0 giant spiked club!
* * * LOW HITPOINT WARNING * * *
The wolf barely misses you.
It was a potion of degeneration.
There was something very wrong with that liquid.
You feel weakened.
You feel dopey.
You feel clumsy. You block the wolf's attack.
The two-headed ogre barely misses you.
The two-headed ogre hits you with a +0 giant spiked club!
You die...
Kikubaaqudgha rasps: "You have failed me!
Welcome... death!"

.. .. # #. .###.
#.#. #.. ##h#
#.@##. ......
#.....O...(..
##...gh.
#.....##.#...#
#....... ...(....
###.## #.......
..#.#..
.###..###....... .
###..
........#.g)....
####.
#..h..)).%....
#..#.....).......
##..#....)......).


You could see a two-headed ogre and a wolf.

Vanquished Creatures
  Maurice (D:7)
  Duvessa (D:6)
  A sky beast (D:7)
  2 ice beasts
  A necrophage (D:5)
  2 phantoms
  An ogre (D:7)
  Dowan (D:6)
  5 killer bees (Temple)
  A howler monkey (D:4)
  2 crimson imps (D:7)
  3 orc wizards
  Crazy Yiuf (D:5)
  3 orc priests
  4 bullfrog skeletons
  An iguana (D:4)
  Natasha (thrice) (D:4 Temple)
  5 worker ants
  A hound zombie (D:5)
  2 hound skeletons
  A howler monkey zombie (D:6)
  A worker ant zombie (D:7)
  4 adders
  2 shadow imps
  3 oozes
  2 adder skeletons
  6 worms
  A dart slug (D:4)
  7 leopard geckos
  21 orcs
  7 bats
  6 giant cockroaches
  10 goblins
  8 hobgoblins
  7 jackals
  4 quokkas
  4 frilled lizards
  5 kobolds
  A quokka zombie (D:6)
  8 rats
149 creatures vanquished.

Vanquished Creatures (collateral kills)
  A black bear (D:6)
  A worker ant (D:6)
  2 orcs
  A ball python (D:2)
  A jackal (D:5)
  A rat (D:1)
7 creatures vanquished.

Grand Total: 156 creatures vanquished

Notes
Turn   | Place    | Note
-------+----------+-------------------------------------------
     0 | D:1      | Amebka the Naga Necromancer began the quest for the Orb.
     0 | D:1      | Reached XP level 1. HP: 15/15 MP: 3/3
     2 | D:1      | Learned a level 1 spell: Animate Skeleton
   208 | D:1      | Reached XP level 2. HP: 15/24 MP: 0/5
   718 | D:1      | Reached XP level 3. HP: 29/30 MP: 4/6
   723 | D:1      | Learned a level 3 spell: Vampiric Draining
   879 | D:1      | Reached skill level 1 in Fighting
  1205 | D:2      | cool item
  1205 | D:2      | and cool trap
  1539 | D:2      | You fall into a shaft and drop 1 floor!
  1540 | D:3      | Reached XP level 4. HP: 38/38 MP: 7/7
  1963 | D:3      | You fall into a shaft and drop 1 floor!
  2117 | D:4      | Reached skill level 1 in Shields
  2117 | D:4      | Reached XP level 5. HP: 43/44 MP: 5/9
  2153 | D:3      | Noticed Natasha
  2161 | D:4      | Killed Natasha
  2161 | D:4      | Reached skill level 5 in Stealth
  3336 | D:4      | Noticed a phantom
  3533 | D:4      | Noticed an ogre
  3533 | D:4      | Noticed a phantom
  3646 | D:4      | Noticed Natasha
  3673 | D:4      | Killed Natasha
  3673 | D:4      | Reached XP level 6. HP: 44/52 MP: 3/10
  3735 | D:4      | Found a staircase to the Ecumenical Temple.
  3736 | D:4      | Noticed a phantom
  3742 | Temple   | Entered the Ecumenical Temple
  3810 | Temple   | Became a worshipper of Kikubaaqudgha
  3922 | Temple   | Killed a phantom
  3922 | Temple   | Reached skill level 5 in Necromancy
  3972 | D:4      | Noticed Natasha
  3983 | Temple   | Reached XP level 7. HP: 24/62 MP: 1/12
  4411 | Temple   | Killed Natasha
  4818 | D:4      | Noticed Eustachio
  4850 | D:5      | Entered Level 5 of the Dungeon
  5223 | D:5      | Learned a level 3 spell: Regeneration
  5231 | D:5      | Found a runed translucent door.
  5232 | D:5      | Noticed Crazy Yiuf
  5237 | D:5      | Killed Crazy Yiuf
  5237 | D:5      | Reached XP level 8. HP: 70/70 MP: 14/14
  5363 | D:5      | Found a radiant altar of Vehumet.
  5487 | D:5      | Reached skill level 6 in Necromancy
  5496 | D:5      | Reached * piety under Kikubaaqudgha
  5496 | D:5      | Identified Kikubaaqudgha's Volume of Black Secrets
                  | (Kikubaaqudgha gifted it to you on level 5 of the Dungeon)
  5496 | D:5      | Received a gift from Kikubaaqudgha
  5811 | D:6      | Found a white marble altar of Elyvilon.
  5865 | D:6      | Reached skill level 1 in Charms
  6396 | D:6      | Learned a level 4 spell: Animate Dead
  6753 | D:6      | Noticed Duvessa
  6953 | D:7      | Found Mikhaj's Armour Shop.
  6969 | D:6      | Noticed Dowan
  6992 | D:7      | Noticed a hippogriff
  7005 | D:7      | Reached skill level 5 in Spellcasting
  7093 | D:7      | Identified the ring "Circhu Miurch" {Fire MR- Int+5 Dex-2
                  | SInv}
  7110 | D:7      | Reached skill level 5 in Fighting
  7487 | D:6      | Killed Dowan
  7498 | D:6      | Killed Duvessa
  7498 | D:6      | Reached skill level 1 in Throwing
  7498 | D:6      | Reached XP level 9. HP: 74/79 MP: 1/17
  7706 | D:8      | Reached skill level 7 in Necromancy
  7758 | D:8      | Noticed Grum
  7786 | D:8      | Reached ** piety under Kikubaaqudgha
  7871 | D:8      | Noticed Maurice
  7883 | D:8      | Noticed a two-headed ogre
  7896 | D:7      | Killed Maurice
  7976 | D:8      | HP: 4/80 [two-headed ogre/+0 giant club (14)]
  7977 | D:8      | Slain by a two-headed ogre

Levels and vault maps discovered:
D:1:      dpeg_arrival_prison, layout_loops_corners
D:2:      layout_basic, serial_bayou_lake_a
D:3:      layout_basic, first_ration, minivault_24, corner_web_ring,
          eino_curves_01, uniq_natasha
D:4:      minmay_evil_eye, layout_loops_corners, minmay_temple_entry_ruins,
          cheibrodos_sewer_entry_bend, dk_vineyard_3, uniq_eustachio
D:5:      layout_loops_ring, fiery_altar_vehumet, uniq_crazy_yiuf_cottage
D:6:      layout_loops_ring, serial_glass, glass_columns_a, glass_columns_a,
          basic_altar, uniq_duvessa
D:7:      layout_cave_pools, serial_shops, shop
D:8:      layout_cave_pools, serial_shops, shop, enter_bailey_2, sigmund_army,
          uniq_psyche, uniq_grum, uniq_maurice
Temple:   dpeg_three_leaves_temple

Skill      XL: |  1  2  3  4  5  6  7  8  9 |
---------------+----------------------------+-----
Stealth        | 4 5 |  5.0
Fighting       | 1 2 3 4 5 6 |  6.1
Shields        | 1 2 |  2.4
Spellcasting   | 3 4 5 6 |  6.0
Necromancy     | 5 6 7 |  7.0
Charms         | 3 |  3.0
Throwing       | 1 2 |  2.7
Dodging        | |  1.5

Action                   |  1- 3 |  4- 6 |  7- 9 || total
-------------------------+-------+-------+-------++-------
Melee: Dagger            |    19 |    20 |    78 ||   117
       Rapier            |       |       |   137 ||   137
Throw: Dart              |       |       |     4 ||     4
 Cast: Pain              |    15 |    45 |    66 ||   126
       Animate Skeleton  |     9 |    10 |    10 ||    29
       Vampiric Draining |     1 |    11 |    27 ||    39
       Animate Dead      |       |       |     3 ||     3
 Abil: Spit Poison       |    24 |    29 |    37 ||    90
Evoke: Wand              |       |    11 |    29 ||    40
  Use: Scroll            |     2 |     4 |     4 ||    10
       Potion            |       |     1 |     2 ||     3
 Stab: Sleeping          |    11 |     8 |    10 ||    29
  Eat: Chunk             |     3 |     4 |    10 ||    17
       Ration            |       |     1 |     2 ||     3
Armor: Robe              |     3 |    15 |    85 ||   103
Dodge: Dodged            |     9 |    41 |   158 ||   208
Block: Buckler           |     2 |    13 |    60 ||    75

Table legend:
 A = Non-vault XP
 B = Vault XP
 C = Vault XP percentage of total XP
 D = Non-vault monster count
 E = Vault monster count
 F = Vault count percentage of total count
                 A         B        C        D         E       F
            +---------+---------+-------+---------+---------+-------
      Total |    2526 |     789 |  23.8 |     146 |      10 |   6.4
            +---------+---------+-------+---------+---------+-------
        D:1 |      40 |       3 |   7.0 |      24 |       2 |   7.7
        D:2 |      42 |       0 |   0.0 |      14 |       0 |   0.0
        D:3 |      78 |       0 |   0.0 |      24 |       0 |   0.0
        D:4 |     254 |      50 |  16.4 |      15 |       4 |  21.1
        D:5 |     292 |      40 |  12.0 |      19 |       1 |   5.0
        D:6 |     488 |     216 |  30.7 |      16 |       2 |  11.1
        D:7 |     679 |     480 |  41.4 |      13 |       1 |   7.1
        D:8 |     186 |       0 |   0.0 |      14 |       0 |   0.0
     Temple |     467 |       0 |   0.0 |       7 |       0 |   0.0
            +---------+---------+-------+---------+---------+-------
